 Dungeon Crawl Stone Soup version 0.21-a0-471-gd587bd5 (webtiles) character file.

437 kae the Cudgeler (level 7, -3/44 HPs)
             Began as a Gargoyle Fighter on Nov 21, 2017.
             Killed by divine providence
             ... invoked by an orc priest
              (13 damage)
             ... on level 4 of the Dungeon.
             The game lasted 00:03:53 (3703 turns).

kae the Cudgeler (Gargoyle Fighter)                 Turns: 3703, Time: 00:03:53

Health: -3/44      AC: 12    Str: 21    XL:     7   Next: 1%
Magic:  7/7        EV: 12    Int:  7    God:
Gold:   185        SH:  9    Dex: 14    Spells: 6/6 levels left

rFire    . . .     SeeInvis +   a - +1 flail
rCold    . . .     Gourm    .   c - +0 shield
rNeg     + . .     Faith    .   b - +0 scale mail
rPois    ∞         Spirit   .   g - +0 helmet
rElec    +         Reflect  .   (no cloak)
rCorr    .         Harm     .   (no gloves)
MR       ++...                  (no boots)
Stlth    +.........             (no amulet)
HPRegen  0.14/turn              o - ring of protection from magic
MPRegen  0.10/turn              l - ring of see invisible

@: agile
A: icy blue scales 1, deformed body, dopey 1, magic resistance 1, negative
energy resistance 1, electricity resistance, unbreathing, petrification
resistance, rot immunity, AC +4
a: no special abilities


You were on level 4 of the Dungeon.
You were hungry.

You visited 1 branch of the dungeon, and saw 4 of its levels.

You collected 185 gold pieces.

Inventory:

Hand Weapons
 a - a +1 flail (weapon)
Armour
 b - a +0 scale mail (worn)
 c - a +0 shield (worn)
 g - a +0 helmet (worn)
Jewellery
 l - a ring of see invisible (right hand)
 o - a ring of protection from magic (left hand)
 s - an uncursed ring of protection from fire
 t - an uncursed ring of protection from fire
Wands
 d - a wand of acid (7)
Scrolls
 e - a scroll of identify
 j - 3 scrolls of enchant weapon
 n - a scroll of fog {unknown}
Potions
 h - a potion of curing
 i - 2 potions of cancellation
 p - a potion of ambrosia
Comestibles
 f - 2 bread rations
 m - a royal jelly
 q - 2 meat rations
 r - a fruit


   Skills:
 + Level 5.0 Fighting
 * Level 5.3 Maces & Flails
 + Level 5.0 Armour
 - Level 3.2 Shields


You had 6 spell levels left.
You didn't know any spells.

Dungeon Overview and Level Annotations

Branches:
Dungeon (4/15)
 Temple: D:4-7

Altars:
Xom

Shops:
D:4 (


Innate Abilities, Weirdness & Mutations

You are resistant to torment.
Your stone body is resilient. (AC +4)
You are immune to poison.
You resist negative energy. (rN+)
You are resistant to electric shocks. (rElec)
You can survive without breathing.
You are immune to petrification.
You are immune to rotting.
You are partially covered in icy blue scales. (AC +2)
Armour fits poorly on your strangely shaped body.
You are dopey. (Int -2)
You are resistant to hostile enchantments. (MR+)


Message History

You closely miss the orc wizard.
The orc wizard is lightly wounded.
The orc wizard hits you but does no damage.
The orc wizard gestures wildly while chanting.
The orc wizard blinks!
The orc priest miscasts a cantrip.
You hit the orc.
The orc is severely wounded.
You block the orc's attack.
You completely miss the orc.
The orc is severely wounded.
You block the orc's attack.
You sock the orc!
You kill the orc!
The orc priest calls down the wrath of Beogh upon you.
Beogh smites you!
* * * LOW HITPOINT WARNING * * *
The orc priest mumbles some strange prayers to Beogh against you.
Beogh smites you!
You die...

#.# #######.#####
.............
#######.#####
#.##### #.#....
#.#.###
#############.#.#
#.@o)o........#.#
#.####o......##.#
#.# ...... #.#
#.# .... #.# #.#
### #.# #(# #.#
#.# #.# #.# #.#
#.# #.#


You could see an orc priest, an orc wizard and an orc.

Vanquished Creatures
  Edmund (D:4)
  2 iguanas (D:4)
  2 worker ants
  Robin (D:2)
  3 gnolls (D:2)
  8 adders
  An ooze (D:3)
  3 worms
  3 dart slugs (D:2)
  3 leopard geckos
  An orc (D:4)
  2 ball pythons
  5 bats
  4 giant cockroaches
  20 goblins
  13 hobgoblins
  6 jackals
  7 frilled lizards
  5 kobolds
  A quokka skeleton (D:4)
  7 rats
98 creatures vanquished.

Notes
Turn   | Place    | Note
-------+----------+-------------------------------------------
     0 | D:1      | kae the Gargoyle Fighter began the quest for the Orb.
     0 | D:1      | Reached XP level 1. HP: 14/14 MP: 1/1
   239 | D:1      | Reached XP level 2. HP: 19/19 MP: 2/2
   716 | D:1      | Reached XP level 3. HP: 18/23 MP: 3/3
  1011 | D:2      | Gained mutation: You are resistant to hostile enchantments. (MR+) [potion of mutation]
  1011 | D:2      | Gained mutation: You are dopey. (Int -2) [potion of mutation]
  1011 | D:2      | Gained mutation: Armour fits poorly on your strangely shaped body. [potion of mutation]
  1011 | D:2      | Gained mutation: You are partially covered in icy blue scales. (AC +2) [potion of mutation]
  1015 | D:2      | Reached XP level 4. HP: 29/29 MP: 4/4
  1133 | D:2      | Noticed Robin
  1145 | D:2      | Killed Robin
  1166 | D:2      | Reached XP level 5. HP: 10/33 MP: 5/5
  1626 | D:2      | Found a shimmering altar of Xom.
  2656 | D:3      | Reached XP level 6. HP: 39/39 MP: 6/6
  2972 | D:4      | Noticed Edmund
  2998 | D:4      | Killed Edmund
  2998 | D:4      | Reached skill level 5 in Maces & Flails
  3059 | D:4      | Found Eme Isku's Weapon Emporium.
  3215 | D:4      | Reached skill level 5 in Armour
  3229 | D:4      | Reached skill level 5 in Fighting
  3229 | D:4      | Reached XP level 7. HP: 15/44 MP: 7/7
  3703 | D:4      | Killed from afar by an orc priest

Vault maps used:
D:1:      erik_arrival_cave_to_civilisation
D:2:      tgw_xom, uniq_robin
D:4:      serial_shops, nicolae_shop_statue_plus, uniq_grinder, uniq_edmund

Skill      XL: |  1  2  3  4  5  6 |
---------------+-------------------+-----
Maces & Flails | 3 4 5 |  5.3
Armour         | 4 5 |  5.0
Fighting       | 4 5 |  5.0
Shields        | |  3.2

Action                   |  1- 3 |  4- 6 |  7- 9 || total
-------------------------+-------+-------+-------++-------
Melee: Flail             |   113 |   272 |     8 ||   393
  Use: Potion            |     1 |     2 |     1 ||     4
       Scroll            |       |     7 |       ||     7
  Eat: Chunk             |       |     8 |     1 ||     9
Armor: Scale mail        |    56 |   142 |       ||   198
Dodge: Dodged            |    35 |   107 |     2 ||   144
Block: Shield            |    59 |   151 |     4 ||   214

Table legend:
 A = Spawn XP
 B = Non-spawn XP
 C = Spawn XP percentage of total XP
 D = Spawn monster count
 E = Non-spawn monster count
 F = Spawn count percentage of total count
 G = Total turns spent on level
                    A         B        C        D         E        F      G
               +---------+---------+-------+---------+---------+-------+---------
         Total |       0 |     625 |   0.0 |       0 |      98 |   0.0 |  3703
               +---------+---------+-------+---------+---------+-------+---------
           D:1 |       0 |      34 |   0.0 |       0 |      19 |   0.0 |   919
           D:2 |       0 |     217 |   0.0 |       0 |      49 |   0.0 |  1284
           D:3 |       0 |      88 |   0.0 |       0 |      22 |   0.0 |   769
           D:4 |       0 |     286 |   0.0 |       0 |       8 |   0.0 |   731
               +---------+---------+-------+---------+---------+-------+---------
